 Dungeon Crawl Stone Soup version 0.31.0-11-ge490571c62 (webtiles) character file.

Game seed: 423855048194077954

91 qw the Shooter (level 4, 0/25 HPs)
             Began as a Deep Elf Hunter on Feb 4, 2024.
             Succumbed to an adder's poison
             ... on level 2 of the Dungeon.
             The game lasted 00:00:04 (1489 turns).

qw the Shooter (Deep Elf Hunter)                    Turns: 1489, Time: 00:00:05

Health: 0/25       AC:  6    Str: 10    XL:     4   Next: 33%
Magic:  6/6        EV: 11    Int: 14    God:
Gold:   109        SH:  0    Dex: 18    Spells: 3/3 levels left

rFire   . . .        a - +0 shortbow
rCold   . . .        (shield currently unavailable)
rNeg    . . .        j - +1 ring mail
rPois   .            (no helmet)
rElec   .            (no cloak)
rCorr   .            (no gloves)
SInv    .            (no boots)
Will    .....        (no amulet)
Stlth   +            (no ring)
HPRegen 0.24/turn    (no ring)
MPRegen 0.10/turn

%: no passive effects
@: lethally poisoned (0 -> -1)
A: no striking features
a: no special abilities


You were on level 2 of the Dungeon.
You visited 1 branch of the dungeon, and saw 2 of its levels.

You collected 109 gold pieces.


   Skills:
 - Level 1.5 Fighting
 + Level 7.7 Ranged Weapons
 - Level 2.4 Dodging
 - Level 1.2 Stealth


You had 3 spell levels left.
You didn't know any spells.
Your spell library was empty.

Inventory:

Hand Weapons
 a - a +0 shortbow (weapon)
Armour
 j - a +1 ring mail (worn)
Scrolls
 c - a scroll of immolation {unknown}
 e - a scroll of vulnerability {unknown}
Potions
 b - 2 potions of might {unknown}
 d - 2 potions of ambrosia {unknown}
 f - a potion of curing {unknown}

Dungeon Overview and Level Annotations

Branches:
Dungeon (2/15)

Altars:


Message History

The adder bites you but does no damage. x2
You shoot an arrow. The arrow completely misses the adder.
The adder closely misses you. The adder bites you but does no damage.
You shoot an arrow. The arrow hits the adder.
The adder is heavily wounded.
The adder bites you but does no damage.
You shoot an arrow. The arrow hits the adder.
The adder is almost dead.
The adder bites you. The adder misses you.
You shoot an arrow. The arrow barely misses the adder.
The adder closely misses you.
You shoot an arrow. The arrow closely misses the adder.
The adder bites you.
You are poisoned.
The adder poisons you! The adder completely misses you.
You shoot an arrow. The arrow barely misses the adder.
You feel sick. The adder bites you.
You are more poisoned.
The adder poisons you!
You shoot an arrow. The arrow barely misses the adder.
You feel sick. The adder bites you.
You are lethally poisoned!
The adder poisons you!
You shoot an arrow. The arrow hits the adder!
You kill the adder!
You feel very sick.
There is a lethal amount of poison in your body!
You feel sick.
There is a lethal amount of poison in your body!
You feel sick.
There is a lethal amount of poison in your body!
You feel sick.
There is a lethal amount of poison in your body!
You feel sick.
There is a lethal amount of poison in your body!
You feel sick.
There is a lethal amount of poison in your body!
You feel sick.
There is a lethal amount of poison in your body!
You die...

######### #.# #.......#
... #.#####.# ##### #.#
. #.# #.# #...# #.##.
#.# #.#####.#.####.##<
#.# #.......#.......#.
#.###############..#..#.
#.......# #...#..#.
#######@# #..###.#. #)#
#........ #.. #.######.
#.%. ......%.% .....
.#.#####.# ##)...
........) .####
#.#####.# .# #.# ..#


There were no monsters in sight!

Vanquished Creatures
  4 adders (D:2)
  A dart slug (D:1)
  A ribbon worm (D:2)
  4 orcs (D:2)
  4 ball pythons
  An endoplasm (D:1)
  2 giant cockroaches (D:2)
  2 goblins
  5 hobgoblins
  4 jackals (D:1)
  7 kobolds
  3 quokkas
  2 bats (D:2)
  2 frilled lizards
  3 rats
45 creatures vanquished.

Notes
Turn   | Place    | Note
-------+----------+-------------------------------------------
     0 | D:1      | qw the Deep Elf Hunter began the quest for the Orb.
     0 | D:1      | Reached XP level 1. HP: 12/12 MP: 3/3
     0 | D:1      | 0 ||| qw: Version: 0.3-a-160-g6735b56
     0 | D:1      | 0 ||| qw: Game counter: 4519
     0 | D:1      | 0 ||| qw: Melee chars always use a shield: true
     0 | D:1      | 0 ||| qw: God list: Okawaru
     0 | D:1      | 0 ||| qw: Allow faded altars: false
     0 | D:1      | 0 ||| qw: Do Orc after clearing Dungeon:15 true
     0 | D:1      | 0 ||| qw: Do second Lair branch before Depths: true
     0 | D:1      | 0 ||| qw: Lair rune preference: random
     0 | D:1      | 0 ||| qw: Goals: Normal
     0 | D:1      | 0 ||| PLANNING D:1-11
   149 | D:1      | Reached XP level 2. HP: 14/16 MP: 4/4
   342 | D:1      | Reached skill level 6 in Ranged Weapons
   752 | D:1      | 752 ||| UPGRADING to +0 ring mail.
   762 | D:1      | 762 ||| DROPPING +0 leather armour.
   763 | D:1      | 763 ||| READING 3 scrolls labelled PEODUG ALIH.
   763 | D:1      | 763 ||| IDENTIFYING purple potion
   764 | D:1      | 764 ||| READING 2 scrolls of identify.
   764 | D:1      | 764 ||| IDENTIFYING scroll labelled DOTIHE GITA
   765 | D:1      | 765 ||| READING scroll of identify.
   765 | D:1      | 765 ||| IDENTIFYING scroll labelled JOANEO BUURGH
   766 | D:1      | 766 ||| READING scroll of enchant armour.
   766 | D:1      | 766 ||| ENCHANTING +0 ring mail.
   767 | D:1      | 767 ||| READING 3 scrolls labelled QUXUATANIZ.
   768 | D:1      | 768 ||| READING scroll labelled VACSOX QOYR.
   869 | D:1      | 869 ||| DROPPING scroll of butterflies.
   870 | D:1      | 870 ||| DROPPING potion of brilliance.
   871 | D:1      | 871 ||| DROPPING scroll of revelation.
   872 | D:1      | 872 ||| DROPPING 2 scrolls of blinking.
   962 | D:2      | Reached XP level 3. HP: 20/20 MP: 5/5
  1014 | D:2      | Found a faded altar of an unknown god.
  1106 | D:2      | Reached skill level 7 in Ranged Weapons
  1356 | D:2      | Reached XP level 4. HP: 16/25 MP: 6/6
  1484 | D:2      | HP: 5/25 [poisoned by an adder]
  1487 | D:2      | HP: 2/25 [poisoned by an adder]
  1489 | D:2      | Succumbed to an adder's poison

Levels and vault maps discovered:
D:1:      roderic_dead_forest, layout_basic, minmay_door_square,
          chequers_serial_rivers_micro_e
D:2:      layout_basic, ebering_ecumenical_altar_rust, minmay_close_crescents

Skill      XL: |  1  2  3 |
---------------+----------+-----
Ranged Weapons | 6 7 |  7.7
Fighting       | |  1.5
Dodging        | |  2.4
Stealth        | |  1.2

Action                     |  1- 3 |  4- 6 || total
---------------------------+-------+-------++-------
   Fire: Shortbow          |   106 |    30 ||   136
    Use: Scroll            |     6 |       ||     6
 Armour: Leather armour    |    13 |       ||    13
         Ring mail         |    19 |    18 ||    37
  Dodge: Dodged            |    30 |    15 ||    45

Table legend:
 A = Non-vault XP
 B = Vault XP
 C = Vault XP percentage of total XP
 D = Non-vault monster count
 E = Vault monster count
 F = Vault count percentage of total count
                 A         B        C        D         E       F
            +---------+---------+-------+---------+---------+-------
      Total |     114 |      16 |  12.3 |      42 |       3 |   6.7
            +---------+---------+-------+---------+---------+-------
        D:1 |      36 |       0 |   0.0 |      19 |       0 |   0.0
        D:2 |      78 |      16 |  17.0 |      23 |       3 |  11.5
            +---------+---------+-------+---------+---------+-------
